 Dungeon Crawl Stone Soup version 0.27-a0-1565-gad902ab (webtiles) character file.

Game seed: 6230367746920260403

376 Meow the Conjurer (level 6, 45/45 HPs)
             Began as a Ghoul Conjurer on July 16, 2021.
             Quit the game in a sewer.
             The game lasted 00:07:24 (2996 turns).

Meow the Conjurer (Ghoul Conjurer)                  Turns: 2996, Time: 00:07:25

Health: 45/45      AC:  4    Str: 11    XL:     6   Next: 73%
Magic:  11/11      EV: 11    Int: 15    God:
Gold:   215        SH:  0    Dex:  7    Spells: 10/13 levels left

rFire    . . .     SeeInvis .   a - +5 club
rCold    + . .     Faith    .   (no shield)
rNeg     + + +     Spirit   .   t - +0 troll leather armour {Purgy}
rPois    ∞         Reflect  .   (no helmet)
rElec    .         Harm     .   (no cloak)
rCorr    .         Rampage  .   (no gloves)
Will     .....                  (no boots)
Stlth    +.........             (no amulet)
HPRegen  1.15/turn              (no ring)
MPRegen  0.12/turn              (no ring)

@: no status effects
A: claws 1, cold resistance 1, negative energy resistance 3, inhibited
regeneration, torment resistance 2
a: no special abilities


You were in a sewer.
You visited 1 branch of the dungeon, and saw 3 of its levels.
You also visited: Sewer.

You collected 215 gold pieces.

Inventory:

Hand Weapons
 a - a +5 club (weapon)
Missiles
 e - 53 bolts
 f - 41 stones
 i - 33 arrows
 j - 19 sling bullets
Armour
 c - a +0 robe
 t - a +0 troll leather armour (worn) {Purgy}
Scrolls
 d - a scroll of teleportation
 g - a scroll of amnesia {unknown}
 h - a scroll of brand weapon {unknown}
 l - a scroll of holy word {unknown}
 n - a scroll of fear {unknown}
 p - a scroll of enchant armour {unknown}
 q - a scroll of immolation {unknown}
Potions
 b - a potion of flight
 k - a potion of haste {unknown}
 m - a potion of curing {unknown}
 o - a potion of heal wounds {unknown}
 r - 2 potions of magic
 s - a potion of degeneration {unknown}


   Skills:
 - Level 1.7 Dodging
 - Level 2.1 Stealth
 - Level 4.0 Spellcasting
 + Level 5.3 Conjurations


You had 10 spell levels left.
You knew the following spells:

 Your Spells              Type           Power      Damage    Failure   Level
a - Magic Dart            Conj           76%        1d6       2%          1
b - Searing Ray           Conj           38%        3d4       4%          2

Your spell library contained the following spells:

 Spells                   Type           Power      Damage    Failure   Level
 Dazzling Flash           Conj/Hex       22%        N/A       24%         3
 Fulminant Prism          Conj/Hex       5%         3d7       61%         4
 Iskenderun's Mystic Bla  Conj/Tloc      11%        2d4       61%         4


Dungeon Overview and Level Annotations

Branches:
Dungeon (3/15)              Sewer (1/1)

Altars:

Shops:
D:1 [


Innate Abilities, Weirdness & Mutations

You thrive by killing the living.
You are immune to poison.
You have sharp fingernails.
Your flesh is cold resistant. (rC+)
You are immune to negative energy. (rN+++)
You do not regenerate when monsters are visible.
You are immune to unholy pain and torment.


Message History

Unknown command.
Things that are here:
a +0 troll leather armour {Purgy}; the troll corpse of Purgy
t - a +0 troll leather armour {Purgy} You start removing your armour.
You continue taking off your +0 robe. x4
You finish taking off your +0 robe.
You start putting on your armour.
You continue putting on your +0 troll leather armour {Purgy}. x5
You finish putting on your +0 troll leather armour {Purgy}.
The armour cannot attune itself to your injured body.
Unknown command.
Unknown command.
As you open the door, it creaks loudly!
Key pressed, stopping explore.
You open the door.
You see here the troll corpse of Purgy.
There is an empty arch of ancient stone here.
You open the door.
There is an open door here.
You now have 215 gold pieces (gained 18).
There is an open door here.
You open the door.
A kobold comes into view. It is wielding a +0 club.
Casting: Searing Ray (safe; 4% risk of failure)
Confirm with . or Enter, or press ? or * to list all spells.
Aiming: Searing Ray (safe; 4% risk of failure)
Press: ? - help, Shift-Dir - straight line, f - kobold
Aim: a kobold, wielding a +0 club (asleep, 100% to hit)
The searing ray hits the kobold.
You kill the kobold! (Press . to maintain the ray.) Unknown command.
You start resting.
Magic restored.
You start resting.
HP restored.
Your armour attunes itself to your body as you begin to regenerate more quickly.
Okay, then.
Unknown command.
Are you sure you want to abandon this character and quit the game? (Confirm with "yes".)

#####################
#.##.##.##.##.##.##.#
#.##.##.##)##.##)##.#
#'##'##'##'##'##'##'#
#.......†...........####
#≈≈≈≈≈≈≈≈≈.≈≈≈≈≈≈≈≈≈#≈≈≈≈≈≈
#≈≈≈≈≈≈≈≈≈∩≈≈≈≈≈≈≈≈≈#≈≈≈≈≈≈
#≈≈≈≈≈≈≈≈≈.≈≈≈≈≈≈≈≈≈#≈≈≈≈≈≈
#...............@...#######
#+##+##+##.##'##'##+#
#.##.##)# #∩##.##.#
#########


There were no monsters in sight!

Vanquished Creatures
  Grinder (D:3)
  Purgy (Sewer)
  Jessica (D:3)
  2 adders (D:2)
  A dart slug (D:1)
  An orc (D:3)
  3 ball pythons
  4 endoplasms
  4 giant cockroaches (D:3)
  3 goblins
  4 hobgoblins
  4 jackals
  7 kobolds
  6 quokkas
  6 bats
  2 frilled lizards
50 creatures vanquished.

Vanquished Creatures (others)
  2 fungi (D:1)
  2 plants (D:1)
4 creatures vanquished.

Grand Total: 54 creatures vanquished

Notes
Turn   | Place    | Note
-------+----------+-------------------------------------------
     0 | D:1      | Meow the Ghoul Conjurer began the quest for the Orb.
     0 | D:1      | Reached XP level 1. HP: 14/14 MP: 2/2
   404 | D:1      | Reached XP level 2. HP: 20/20 MP: 0/4
   562 | D:1      | Learned a level 2 spell: Searing Ray
   568 | D:1      | Found a faded altar of an unknown god.
   868 | D:1      | Found Xyvvoulo's Armour Shoppe.
  1526 | D:2      | Reached XP level 3. HP: 26/26 MP: 2/5
  2203 | D:3      | Noticed Grinder
  2203 | D:3      | Paralysed by Grinder for 4 turns
  2246 | D:3      | Paralysed by Grinder for 7 turns
  2292 | D:3      | Reached XP level 4. HP: 28/33 MP: 4/7
  2314 | D:3      | Reached skill level 4 in Conjurations
  2393 | D:3      | Noticed Jessica
  2395 | D:3      | Killed Jessica
  2441 | D:3      | Killed Grinder
  2442 | D:3      | Reached XP level 5. HP: 31/38 MP: 0/9
  2442 | D:3      | Reached XP level 6. HP: 37/45 MP: 0/10
  2499 | D:3      | Found a glowing drain.
  2633 | Sewer    | Entered a sewer
  2696 | Sewer    | Noticed Purgy
  2709 | Sewer    | HP: 2/45 [Purgy (1)]
  2710 | Sewer    | Killed Purgy
  2711 | Sewer    | Reached skill level 5 in Conjurations
  2996 | Sewer    | Quit the game

Illustrated notes

Levels and vault maps discovered:
D:1:      matt_arrival_refuge, layout_basic, dreamdust_ecumenical_altar_grove,
          serial_shops, nicolae_shop_waterfront
D:2:      layout_basic, minmay_misc_feat_doors
D:3:      layout_loops_ring, gup_sewer_entry_pipe, uniq_grinder, uniq_jessica,
          uniq_robin
Sewer:    kennysheep_door_sewer

Skill      XL: |  1  2  3  4  5  6 |
---------------+-------------------+-----
Spellcasting   | 2 3 4 |  4.0
Conjurations   | 4 5 |  5.3
Dodging        | |  1.7
Stealth        | |  2.1

Action                   |  1- 3 |  4- 6 || total
-------------------------+-------+-------++-------
Melee: Unarmed           |    14 |     1 ||    15
       Club              |       |    27 ||    27
 Cast: Magic Dart        |    27 |       ||    27
       Searing Ray       |    20 |    12 ||    32
  Use: Scroll            |     3 |       ||     3
Armor: Robe              |     7 |    10 ||    17
Dodge: Dodged            |    13 |    26 ||    39

Table legend: (Time is in decaauts)
 A = Elapsed time spent in this place.
 B = Non-inter-level travel time spent in this place.
 C = Inter-level travel time spent in this place.
 D = Time resting spent in this place.
 E = Time spent auto-exploring this place.
 F = Levels seen in this place.
 G = Mean time per level.
                   A        B        C        D        E       F      G
               +--------+--------+--------+--------+--------+-----+--------+
         Total |   3010 |   2898 |    112 |   1075 |   1172 |   4 |  752.5 |
       Dungeon |   2646 |   2534 |    112 |    812 |   1108 |   3 |  882.0 |
         Sewer |    363 |    363 |      0 |    263 |     64 |   1 |  363.0 |
               +--------+--------+--------+--------+--------+-----+--------+

Top non-repeatable levels by time:
     D:1: 1271 daAuts
     D:2: 867 daAuts
     D:3: 506 daAuts
   Sewer: 363 daAuts
